 Dungeon Crawl Stone Soup version 0.31-a0-1084-gb392501acf (webtiles) character file.

Game seed: 17795268548153048153

21 ZeuX the Grasshopper (level 2, -3/15 HPs)
             Began as a Spriggan Warper on Nov 28, 2023.
             Slain by an adder (4 damage)
             ... on level 2 of the Dungeon.
             The game lasted 00:06:50 (680 turns).

ZeuX the Grasshopper (Spriggan Warper)               Turns: 680, Time: 00:06:50

Health: -3/15      AC:  2    Str:  7    XL:     2   Next: 62%
Magic:  6/6        EV: 17    Int: 14    God:
Gold:   19         SH:  0    Dex: 14    Spells: 6/6 levels left

rFire   . . .        f - staff of poison
rCold   . . .        (shield currently unavailable)
rNeg    . . .        b - +0 robe
rPois   +            (helmet restricted)
rElec   .            (no cloak)
rCorr   .            (gloves unavailable)
SInv    +            (boots unavailable)
Will    .....        (no amulet)
Stlth   ++           (no ring)
HPRegen 0.22/turn    (no ring)
MPRegen 0.10/turn

%: no passive effects
@: lethally poisoned (-3 -> -6), very quick
A: very small, no large weapons, unfitting armour, see invisible, speed 3
a: no special abilities


You were on level 2 of the Dungeon.
You visited 1 branch of the dungeon, and saw 2 of its levels.

You collected 19 gold pieces.

Inventory:

Hand Weapons
 a - a +0 hand axe
 g - a +0 sling
Missiles
 d - 7 darts of dispersal (quivered)
Armour
 b - a +0 robe (worn)
 h - a +0 robe
Magical Staves
 f - a staff of poison (weapon)
Scrolls
 c - a scroll of blinking
 e - a scroll of revelation
 i - a scroll of identify {unknown}
 j - a scroll of immolation {unknown}
Potions
 k - a potion of lignification {unknown}
 l - 2 potions of heal wounds {unknown}


   Skills:
 + Level 2.0 Fighting
 - Level 1.6 Axes
 - Level 1.0 Throwing
 * Level 3.3 Dodging
 * Level 0.7 Stealth
 * Level 2.9 Spellcasting
 * Level 4.6 Translocations
 * Level 1.1 Evocations


You had 6 spell levels left.
You didn't know any spells.
Your spell library contained the following spells:

 Spells                   Type           Power      Damage    Failure   Level
 Blink                    Tloc           30%        N/A       4%          2
 Lesser Beckoning         Tloc           30%        N/A       4%          2
 Teleport Other           Tloc           15%        N/A       10%         3
 Manifold Assault         Tloc           15%        N/A       32%         4
 Vhi's Electric Charge    Tloc/Air       16%        N/A       63%         4


Dungeon Overview and Level Annotations

Branches:
Dungeon (2/15)

Altars:

Shops:
D:1 (


Innate Abilities, Weirdness & Mutations

You are very small and have problems with some larger weapons.
You are too small for most types of armour.
You have supernaturally acute eyesight. (SInv)
You cover ground extremely quickly. (Speed+++)


Message History

There is an open door here.
There is an open door here.
There is a faded altar of an unknown god here.
This altar belongs to (a) Makhleb, (b) Sif Muna or (c) Elyvilon, but you can't tell which.
Press the corresponding letter to learn more about a god, or press enter to convert or escape to cancel.
Okay, then.
Done exploring.
Done exploring.
Done exploring.
There is an open door here.
There is an open door here.
There is a stone staircase leading down here.
You climb downwards.
The adder hisses angrily.
Found 3 scrolls labelled SYFFOCK YRUSCH, a shiny tourmaline ring and a robe.
There is a stone staircase leading up here.
You can't go down here!
A bat comes into view.
The bat hits you but does no damage.
You hit the bat.
You kill the bat!
The adder bites you.
Your Fighting skill increases to level 2!
You closely miss the adder. The adder misses you.
You completely miss the adder. The adder bites you. The adder misses you.
You barely miss the adder. The adder barely misses you.
You hit the adder.
The adder is lightly wounded.
The adder bites you.
You are poisoned.
The adder poisons you! The adder closely misses you.
You barely miss the adder.
The adder is lightly wounded.
You feel sick. The adder misses you. The adder bites you.
* * * LOW HITPOINT WARNING * * *
As you read the scroll labelled VINARCH YLENN, it crumbles to dust.
You feel aware of your surroundings.
It was a scroll of revelation.
A rat and a hobgoblin come into view.
* * * LOW HITPOINT WARNING * * *
You feel sick. The adder bites you.
You die...

***,* *,,,,,,,,,,,,,,,,,*,
*,*#####........##****,,,*,
*,*#####........## *,,,*,
*,*####r........## *,,,*,
*,*####..#g....###** *,,,*,
***,*...#..#####....,* *,,,*,
*,,,,......#.....###,* *,,,*,
*,,,,.>.##.#.##....#,* *,,,*,
*,,,,...##.#@##....#,* *,,,,,
*,,,,...##.#S#######,***,*,,,
**<,,........#......,,**,*,,,
****##......#.###..,,**,**,,
##.........##..,,**,,,*,
##....=?#..##$.,,****,*,
##....[....##..,,* *,,,
##......##.##.#,*******,
#....#..*,**,*,*,,,,,*,


You could see an adder, a hobgoblin (asleep) and a rat (asleep).

Vanquished Creatures
  A dart slug (D:1)
  An endoplasm (D:1)
  2 hobgoblins (D:1)
  3 quokkas (D:1)
  A ball python (D:1)
  3 bats
  A frilled lizard (D:1)
  2 goblins (D:1)
  4 kobolds (D:1)
  A rat (D:1)
19 creatures vanquished.

Notes
Turn   | Place    | Note
-------+----------+-------------------------------------------
     0 | D:1      | ZeuX the Spriggan Warper began the quest for the Orb.
     0 | D:1      | Reached XP level 1. HP: 10/10 MP: 5/5
   151 | D:1      | Found Wyaphis's Weapon Shoppe.
   217 | D:1      | Reached XP level 2. HP: 15/15 MP: 6/6
   436 | D:1      | Reached skill level 1 in Evocations
   547 | D:1      | Found a faded altar of an unknown god.
   680 | D:2      | Slain by an adder

Illustrated notes

Levels and vault maps discovered:
D:1:      ncdulo_lavacross, layout_basic, dilly_ecumenical_altar_fadedgnrine,
          serial_shops, nicolae_shop_hallway_plus
D:2:      layout_basic, hangedman_feature_mirror, uniq_natasha, uniq_terence

Skill      XL: |  1  2 |
---------------+-------+-----
Evocations     | 1 |  1.1
Fighting       | 2 |  2.0
Axes           | |  1.6
Throwing       | |  1.0
Dodging        | |  3.3
Stealth        | |  0.7
Spellcasting   | |  2.9
Translocations | |  4.6

Action                     || total
---------------------------++-------
  Melee: Staff             ||   103
         Hand axe          ||    17
         Punch             ||     1
    Use: Scroll            ||     1
   Stab: Sleeping          ||     1
 Armour: Robe              ||    34
  Dodge: Dodged            ||   123

Table legend: (Time is in decaauts)
 A = Elapsed time spent in this place.
 B = Non-inter-level travel time spent in this place.
 C = Inter-level travel time spent in this place.
 D = Time resting spent in this place.
 E = Time spent auto-exploring this place.
 F = Levels seen in this place.
 G = Mean time per level.
                   A        B        C        D        E       F      G
               +--------+--------+--------+--------+--------+-----+--------+
         Total |    533 |    507 |     26 |     66 |    193 |   2 |  266.5 |
       Dungeon |    533 |    507 |     26 |     66 |    193 |   2 |  266.5 |
               +--------+--------+--------+--------+--------+-----+--------+

Top non-repeatable levels by time:
     D:1: 522 daAuts
     D:2: 11 daAuts
